[Event "Titled Tuesday Blitz March 21 Late 2023"]
[White "Bartel, Mateusz"]
[Black "Rottenwohrer Suarez, Juan"]
[WhiteFideId "1112635"]
[BlackFideId "32068182"]
[WhiteElo "2521"]
[BlackElo "2174"]
[Result "1-0"]
[Round "01"]
[TimeControl "180+2"]
[Date "2023.03.21"]
[WhiteClock "0:00:44"]
[BlackClock "0:00:16"]

1. e4 c5 2. Nf3 Nc6 3. Nc3 g6 4. h4 h5 5. Bc4 Bg7 6. d3 e6 7. Bg5 Nge7 8. O-O O-O 9. Bb3 b6 10. Re1 f6 11. Bf4 d5 12. exd5 exd5 13. Nb5 Bg4 14. Nc7 Rc8 15. Ne6 Qd7 16. Nxf8 Rxf8 17. c3 Nf5 18. Bg3 Ne5 19. d4 cxd4 20. cxd4 Bxf3 21. gxf3 Nxd4 22. Re3 f5 23. Bxe5 f4 24. Qxd4 fxe3 25. Qxd5+ 1-0


[Site "https://www.chess.com"]

[Event "Titled Tuesday Blitz March 21 Late 2023"]
[White "Forgacs, Attila Jr."]
[Black "Sanal, Vahap"]
[WhiteFideId "773654"]
[BlackFideId "6300545"]
[WhiteElo "2168"]
[BlackElo "2606"]
[Result "0-1"]
[Round "01"]
[TimeControl "180+2"]
[Date "2023.03.21"]
[WhiteClock "0:00:08"]
[BlackClock "0:00:07"]

1. e4 d6 2. d4 Nf6 3. Nc3 e5 4. Nf3 Nbd7 5. Rg1 g6 6. g4 Bg7 7. g5 Nh5 8. Be3 O-O 9. Qd2 c6 10. O-O-O b5 11. Be2 b4 12. Nb1 Qa5 13. dxe5 dxe5 14. Bc4 Nb6 15. Bb3 c5 16. a3 Bb7 17. axb4 cxb4 18. Rge1 Rac8 19. Qd6 Nc4 20. Qe7 Bxe4 21. Nfd2 Nxd2 22. Bxd2 Bf5 23. Bxb4 Qa1 24. Qb7 e4 25. Ba3 Nf4 26. Bxf7+ Rxf7 27. Qxa7 Rxa7 0-1


[Site "https://www.chess.com"]

[Event "Titled Tuesday Blitz March 21 Late 2023"]
[White "Burg, Twan"]
[Black "Jovic, Stanoje"]
[WhiteFideId "1010697"]
[BlackFideId "905020"]
[WhiteElo "2422"]
[BlackElo "2236"]
[Result "1-0"]
[Round "01"]
[TimeControl "180+2"]
[Date "2023.03.21"]
[WhiteClock "0:00:09"]
[BlackClock "0:00:01"]

1. b3 Nf6 2. Bb2 e6 3. c4 b6 4. Nf3 Bb7 5. e3 Be7 6. Qc2 h6 7. Be2 c5 8. Rg1 Nc6 9. a3 d5 10. d3 a6 11. Nbd2 b5 12. h4 Qb6 13. g4 d4 14. g5 hxg5 15. hxg5 Nd7 16. O-O-O dxe3 17. fxe3 f6 18. d4 O-O-O 19. Qg6 cxd4 20. Nxd4 Nxd4 21. exd4 Rh2 22. Bd3 Bf8 23. c5 Qc7 24. b4 Bd5 25. Be4 Qf4 26. Bxd5 exd5 27. Qf7 Nb8 28. Qe6+ Kb7 29. Rg4 Qc7 30. gxf6 gxf6 31. Qxf6 Nc6 32. Bc3 a5 33. Qf1 axb4 34. Qxb5+ Ka7 35. axb4 Rb8 36. Qa4+ Kb7 37. b5 Ra8 38. bxc6+ Kb8 39. Qb5+ Kc8 40. Rg8 Rf2 41. Qb7+ Qxb7 42. cxb7+ Kxb7 43. Rg6 Ra3 44. Kb2 Ra8 45. Rf1 Rxf1 46. Nxf1 Re8 47. Nd2 Be7 48. Re6 Kc7 49. Bb4 Kd7 50. Re5 Kc6 51. Kc2 Kb5 52. Bc3 Kc6 53. Kd3 Kd7 54. Rxd5+ Kc6 55. Re5 Kd7 56. Nc4 Rh8 57. Nb6+ Kd8 58. Nd5 Rh3+ 59. Kc4 Bf8 60. Ba5+ 1-0


[Site "https://www.chess.com"]

[Event "Titled Tuesday Blitz March 21 Late 2023"]
[White "marik_spb"]
[Black "Stoyanov, Tsvetan"]
[BlackFideId "2917173"]
[WhiteElo "2425"]
[BlackElo "2349"]
[Result "0-1"]
[Round "01"]
[TimeControl "180+2"]
[Date "2023.03.21"]
[WhiteClock "0:00:01"]
[BlackClock "0:00:05"]

1. d4 d5 2. c4 e5 3. Nf3 exd4 4. cxd5 Qxd5 5. Qxd4 Qxd4 6. Nxd4 Nf6 7. Nc3 c6 8. Bg5 Be7 9. e4 h6 10. Bf4 O-O 11. Be2 Re8 12. f3 Bc5 13. O-O-O Nbd7 14. h4 Nf8 15. g4 Bxd4 16. Rxd4 Ne6 17. Be3 Nxd4 18. Bxd4 Be6 19. g5 Nh5 20. gxh6 g6 21. Rg1 Kh7 22. Be3 b6 23. f4 Nf6 24. Bd4 Ng8 25. h5 Rad8 26. hxg6+ fxg6 27. Bg7 Bf7 28. Bd1 Rd3 29. Bc2 Rh3 30. f5 Nxh6 31. Bf6 Rh2 32. Bb1 Rg8 33. Rd1 gxf5 34. Rd7 Kg6 35. Be5 Kh5 36. Bxh2 Rg2 37. Bf4 Rg1+ 38. Nd1 Bc4 39. Bxh6 Kxh6 40. exf5 Kg5 41. Rd4 Be2 42. Rd2 Bf3 43. a3 Kf6 44. b4 Re1 45. Bc2 c5 46. bxc5 bxc5 47. Kb2 c4 48. Kc3 Bg4 49. Kxc4 Re5 50. Nf2 Bf3 51. Rd4 Ra5 52. Kb4 Ra6 53. Ne4+ Ke5 0-1


[Site "https://www.chess.com"]

[Event "Titled Tuesday Blitz March 21 Late 2023"]
[White "Pakleza, Zbigniew"]
[Black "Meunier-Pion, Jean"]
[WhiteFideId "1119290"]
[BlackFideId "20685327"]
[WhiteElo "2410"]
[BlackElo "2124"]
[Result "1-0"]
[Round "01"]
[TimeControl "180+2"]
[Date "2023.03.21"]
[WhiteClock "0:01:15"]
[BlackClock "0:00:25"]

1. d4 Nf6 2. Nf3 e6 3. Bf4 b6 4. e3 Bb7 5. h3 c5 6. c3 Nc6 7. Nbd2 Be7 8. Bd3 O-O 9. O-O d5 10. Bh2 c4 11. Bc2 b5 12. a3 a5 13. Qe2 b4 14. e4 dxe4 15. Nxe4 Nxe4 16. Bxe4 Rc8 17. axb4 axb4 18. Ne5 f5 19. Bf3 Na5 20. Rxa5 Bxf3 21. Nxf3 Qxa5 22. Qxe6+ Kh8 23. Qxe7 bxc3 24. Be5 Rg8 25. bxc3 Rce8 26. Bxg7+ Rxg7 27. Qxe8+ Rg8 28. Qe5+ Qxe5 29. Nxe5 Rb8 30. Rc1 Kg7 31. Nxc4 Kf6 32. Ne3 f4 33. Nd5+ Kf5 34. Re1 f3 35. g4+ Kg5 36. Kh2 h5 37. Re5+ Kg6 38. gxh5+ Kh6 39. Kg3 Rf8 40. c4 Rf7 41. c5 Rf8 42. c6 Rg8+ 43. Kxf3 Rf8+ 44. Ke3 Rc8 45. c7 Kg7 46. Ke4 Kf7 47. f4 Kg7 48. f5 Kf7 49. Re7+ Kg8 50. h6 Kh8 51. Nf6 Rxc7 52. Re8# 1-0


[Site "https://www.chess.com"]

[Event "Titled Tuesday Blitz March 21 Late 2023"]
[White "Lorenzo De La Riva, Lazaro"]
[Black "Melkumyan, Hrant"]
[WhiteFideId "2268809"]
[BlackFideId "13302485"]
[WhiteElo "2294"]
[BlackElo "2604"]
[Result "0-1"]
[Round "01"]
[TimeControl "180+2"]
[Date "2023.03.21"]
[WhiteClock "0:00:01"]
[BlackClock "0:00:15"]

1. d4 Nf6 2. Nf3 d5 3. Bf4 c5 4. e3 Nc6 5. Nc3 a6 6. dxc5 e6 7. Bd3 Bxc5 8. O-O h6 9. a3 Nh5 10. Ne5 Nxf4 11. exf4 Nxe5 12. fxe5 Bd7 13. Qg4 Qg5 14. Qe2 Bd4 15. Rae1 Rc8 16. Nd1 g6 17. Kh1 h5 18. f4 Qe7 19. c3 Ba7 20. Nf2 Rc7 21. Nh3 Kd8 22. Ng5 Kc8 23. h4 Kb8 24. Kh2 Rhc8 25. Qf3 Be8 26. Qe2 Qc5 27. Nf3 Ka8 28. Rb1 Qe7 29. Rfc1 Ba4 30. Ng5 Bb3 31. Re1 Bc4 32. g3 Bxd3 33. Qxd3 Rc4 34. Re2 R8c7 35. Rd1 Qc5 36. Qf3 Bb6 37. Nh7 Qb5 38. Nf6 Rc8 39. Rdd2 Qb3 40. g4 hxg4 41. Qxg4 Qa4 42. Kg3 Rh8 43. h5 gxh5 44. Qg7 Rd8 45. Nxh5 Ka7 46. Qxf7 Rh8 47. Rh2 Be3 48. Rde2 Rxh5 49. Rxh5 Bxf4+ 50. Kh3 Qd1 51. Rf2 Qh1+ 52. Kg4 Bxe5+ 53. Kg5 Qc1+ 54. Kg6 Rg4+ 0-1


[Site "https://www.chess.com"]

[Event "Titled Tuesday Blitz March 21 Late 2023"]
[White "Albornoz Cabrera, Carlos Daniel"]
[Black "Foerster-Yialamas, Lucas"]
[WhiteFideId "3518736"]
[BlackFideId "30901774"]
[WhiteElo "2501"]
[BlackElo "2067"]
[Result "1-0"]
[Round "01"]
[TimeControl "180+2"]
[Date "2023.03.21"]
[WhiteClock "0:01:37"]
[BlackClock "0:01:40"]

1. d4 Nf6 2. Nf3 e6 3. c4 c6 4. Nc3 d5 5. Bg5 Be7 6. e3 h6 7. Bh4 O-O 8. Bd3 a6 9. c5 Nbd7 10. b4 b5 11. a4 Bb7 12. O-O Re8 13. Bg3 Nh5 14. Be5 Nxe5 15. Nxe5 Nf6 16. f4 Qc7 17. a5 Nd7 18. Qh5 Nxe5 19. fxe5 Bg5 20. Rf3 Qe7 21. Raf1 g6 22. Qg4 h5 23. Qg3 Rf8 24. Ne2 Kg7 25. Rf6 Kh6 26. h4 Bxf6 27. exf6 1-0


[Site "https://www.chess.com"]

[Event "Titled Tuesday Blitz March 21 Late 2023"]
[White "Ronka, Erik"]
[Black "Kuznetsov, Felix"]
[WhiteFideId "505080"]
[BlackFideId "34147990"]
[WhiteElo "2264"]
[BlackElo "2235"]
[Result "1-0"]
[Round "01"]
[TimeControl "180+2"]
[Date "2023.03.21"]
[WhiteClock "0:00:05"]
[BlackClock "0:00:05"]

1. e4 c5 2. Nf3 Nc6 3. d4 cxd4 4. Nxd4 Nf6 5. Nc3 d6 6. Bg5 e6 7. Qd2 a6 8. O-O-O Bd7 9. f4 b5 10. Bxf6 gxf6 11. Kb1 Qb6 12. Nxc6 Bxc6 13. f5 b4 14. Ne2 e5 15. Ng3 h5 16. h4 Qc5 17. Qe2 Bb5 18. Qf3 Rc8 19. Bd3 Ke7 20. Rhe1 Bh6 21. Nxh5 Be3 22. Qxe3 Qxe3 23. Rxe3 Rxh5 24. g3 Rh7 25. Bxb5 axb5 26. Red3 Rg7 27. b3 Rg4 28. Re3 Rc3 29. Rxc3 bxc3 30. Rd3 b4 31. a3 bxa3 32. Rxc3 Rxe4 33. Ka2 d5 34. Kxa3 d4 35. Rd3 Re2 36. c4 Kd6 37. Kb4 Kc6 38. h5 Rh2 39. g4 Rh4 40. Rg3 e4 41. c5 e3 42. Kc4 e2 43. Rg1 Rxg4 44. Re1 Re4 45. Kd3 Rf4 46. Rxe2 Rxf5 47. b4 Rxh5 48. Kxd4 Rh4+ 49. Re4 Rh3 50. Rf4 Rh6 51. Kc4 Rg6 52. b5+ Kc7 53. Kd5 Rg5+ 54. Kc4 f5 55. Kd5 Rh5 56. Ke5 Rh1 57. Rxf5 Rc1 58. Rxf7+ Kd8 59. Kd6 Rh1 60. Rf8# 1-0


[Site "https://www.chess.com"]

[Event "Titled Tuesday Blitz March 21 Late 2023"]
[White "Bolourchifard, Farzad"]
[Black "Kovalevsky, Stanislav"]
[WhiteFideId "12510084"]
[BlackFideId "13508598"]
[WhiteElo "2317"]
[BlackElo "2174"]
[Result "1-0"]
[Round "01"]
[TimeControl "180+2"]
[Date "2023.03.21"]
[WhiteClock "0:01:49"]
[BlackClock "0:01:40"]

1. e4 e6 2. d4 d5 3. exd5 exd5 4. Nf3 Nf6 5. Bg5 Be7 6. Bd3 Ne4 7. Bxe7 Qxe7 8. O-O O-O 9. c4 c6 10. Nc3 f5 11. Re1 Qb4 12. cxd5 Nxc3 13. bxc3 Qxc3 14. Rc1 Qa5 15. dxc6 Nxc6 16. Bc4+ Kh8 17. Ng5 h6 18. Qh5 f4 19. Nf7+ Kh7 20. Bd3+ Kg8 21. Nxh6+ Kh8 22. Nf7+ Kg8 23. Bh7# 1-0


[Site "https://www.chess.com"]

[Event "Titled Tuesday Blitz March 21 Late 2023"]
[White "Castellanos Gomez, Alejandro"]
[Black "Holt, Conrad"]
[WhiteFideId "22284141"]
[BlackFideId "2034387"]
[WhiteElo "2158"]
[BlackElo "2592"]
[Result "0-1"]
[Round "01"]
[TimeControl "180+2"]
[Date "2023.03.21"]
[WhiteClock "0:00:22"]
[BlackClock "0:00:57"]

1. d4 d5 2. Bf4 c5 3. e3 Nc6 4. c3 Nf6 5. Nd2 e6 6. Ngf3 Be7 7. Bd3 Nh5 8. Be5 cxd4 9. cxd4 f6 10. Bg3 O-O 11. Ng5 fxg5 12. Qxh5 h6 13. Qe2 Nb4 14. Bb1 b6 15. Nf3 Ba6 16. Qd2 Rc8 17. a3 Qd7 18. axb4 Qb5 19. Qd3 Qxb4+ 20. Qd2 Rc1# 0-1


[Site "https://www.chess.com"]

[Event "Titled Tuesday Blitz March 21 Late 2023"]
[White "Yuan, Qingyu"]
[Black "Szente Varga, Fruzsina"]
[WhiteFideId "8609772"]
[BlackFideId "712264"]
[WhiteElo "2359"]
[BlackElo "1994"]
[Result "1-0"]
[Round "01"]
[TimeControl "180+2"]
[Date "2023.03.21"]
[WhiteClock "0:00:07"]
[BlackClock "0:00:08"]

1. e4 e5 2. Nf3 Nc6 3. Bb5 a6 4. Ba4 Nf6 5. d3 d6 6. c3 Be7 7. O-O O-O 8. Re1 b5 9. Bc2 Bg4 10. h3 Bxf3 11. Qxf3 b4 12. Nd2 Rb8 13. Nc4 Qd7 14. Ba4 Nd4 15. Qd1 Nb5 16. Bd2 bxc3 17. bxc3 c6 18. Qc1 Qc7 19. Ne3 Rfe8 20. Nf5 Bf8 21. Rb1 Rb7 22. c4 Na7 23. Rxb7 Qxb7 24. Bc3 Nd7 25. Qg5 Nc5 26. Bc2 Ne6 27. Qg3 Kh8 28. Rb1 Qc7 29. Ba4 Rb8 30. Rb3 Nc5 31. Rxb8 Qxb8 32. Bc2 Ne6 33. Qe3 c5 34. g3 Nc6 35. Qc1 g6 36. Ne3 Ncd4 37. Bd1 Bh6 38. Qb2 Qxb2 39. Bxb2 Kg8 40. Nd5 Kf8 41. Bc3 Bg7 42. Kf1 Ke8 43. Ba5 Kd7 44. Ba4+ Kc8 45. Be8 f5 46. Ne7+ Kb7 47. Bd7 fxe4 48. dxe4 Nc7 49. Bc8+ Kb8 50. Bd7 Kb7 51. Kg2 Bf8 52. Nd5 Nxd5 53. exd5 Bg7 54. h4 Nc2 55. h5 Na3 56. hxg6 hxg6 57. Bc3 Nxc4 58. Be8 g5 59. Kh3 Bf6 60. Kg4 Nb6 61. Bc6+ Kc7 62. Kf5 Bd8 63. Ke6 Nc4 64. g4 e4 65. Be8 Kb6 66. Kf5 a5 67. Kxe4 Kc7 68. Kd3 Nb6 69. Bf7 a4 70. Be6 Kb7 71. Ke4 Nc4 72. f4 gxf4 73. Kxf4 a3 74. g5 Ne5 75. Kf5 Nf3 76. Bf6 Nh4+ 77. Kg4 Bxf6 78. gxf6 Ng6 79. Kg5 Nf8 80. Bf5 c4 81. Kh6 Kc7 82. Kg7 Nd7 83. Bxd7 Kxd7 84. f7 c3 85. f8=Q c2 86. Qf5+ Kc7 87. Qxc2+ 1-0


[Site "https://www.chess.com"]

[Event "Titled Tuesday Blitz March 21 Late 2023"]
[White "Melikhov, Evgeny V."]
[Black "Tanenbaum, Zachary"]
[WhiteFideId "4122046"]
[BlackFideId "2060850"]
[WhiteElo "2158"]
[BlackElo "2175"]
[Result "0-1"]
[Round "01"]
[TimeControl "180+2"]
[Date "2023.03.21"]
[WhiteClock "0:00:01"]
[BlackClock "0:01:16"]

1. d4 d5 2. c4 dxc4 3. Nf3 Nf6 4. e3 Bg4 5. Bxc4 e6 6. h3 Bh5 7. Nc3 Bb4 8. Qa4+ Nc6 9. Ne5 Bxc3+ 10. bxc3 O-O 11. Nxc6 bxc6 12. Qxc6 Nd5 13. Bd2 Qg5 14. O-O Bf3 15. g3 Qf5 16. Kh2 Nxe3 17. Qa4 Nxf1+ 18. Bxf1 Rab8 19. Be3 Rb2 20. Qxa7 Be4 21. Bg2 Bxg2 22. Kxg2 Qe4+ 23. Kg1 Rfb8 24. Rf1 Rb1 25. Kh2 h6 26. Rxb1 Rxb1 27. g4 Qf3 28. Qa8+ Qxa8 0-1


[Site "https://www.chess.com"]

[Event "Titled Tuesday Blitz March 21 Late 2023"]
[White "Wagner, Dennis"]
[Black "Beulen, Marcel"]
[WhiteFideId "24650684"]
[BlackFideId "1001450"]
[WhiteElo "2470"]
[BlackElo "2405"]
[Result "1/2-1/2"]
[Round "01"]
[TimeControl "180+2"]
[Date "2023.03.21"]
[WhiteClock "0:00:11"]
[BlackClock "0:00:03"]

1. d4 d5 2. c4 c6 3. Nf3 Nf6 4. Nc3 dxc4 5. a4 Bf5 6. Ne5 Nbd7 7. Nxc4 Qc7 8. g3 e5 9. dxe5 Nxe5 10. Bf4 Nfd7 11. Bg2 g5 12. Ne3 gxf4 13. Nxf5 O-O-O 14. Qc2 Nc5 15. O-O fxg3 16. hxg3 a5 17. Rad1 h5 18. e3 Kb8 19. Rd4 Ne6 20. Rxd8+ Qxd8 21. Qe4 Qc7 22. Rc1 Bc5 23. Ne2 Rd8 24. Ned4 Ng5 25. Qf4 Bxd4 26. Nxd4 Nd3 27. Qxc7+ Kxc7 28. Rc5 Ne6 29. Nxe6+ fxe6 30. Rxh5 Nxb2 31. g4 Nxa4 32. Rxa5 Nc3 33. g5 Nd5 34. g6 Rg8 35. Be4 b5 36. Ra7+ Kd6 37. Rf7 Ne7 38. g7 Nf5 39. Bxf5 exf5 40. Kg2 b4 41. Kf3 c5 42. Kf4 Kd5 43. Kxf5 b3 44. e4+ Kd4 45. Rb7 c4 46. e5 c3 47. Rxb3 c2 48. Rb4+ Kd5 49. Rb5+ Kd4 50. Rb4+ Kd5 51. Rb5+ Kd4 52. Rb4+ 1/2-1/2


[Site "https://www.chess.com"]

[Event "Titled Tuesday Blitz March 21 Late 2023"]
[White "Perez Rodriguez, Jennifer"]
[Black "Nazari, Arad"]
[WhiteFideId "3507831"]
[BlackFideId "12577324"]
[WhiteElo "2170"]
[BlackElo "2313"]
[Result "0-1"]
[Round "01"]
[TimeControl "180+2"]
[Date "2023.03.21"]
[WhiteClock "0:00:21"]
[BlackClock "0:00:13"]

1. e4 e6 2. d4 d5 3. Bd3 dxe4 4. Bxe4 Nf6 5. Bf3 c5 6. Ne2 Nc6 7. Be3 cxd4 8. Nxd4 Ne5 9. Nc3 Bb4 10. Nb5 Nxf3+ 11. Qxf3 O-O 12. a3 Qa5 13. O-O Bxc3 14. Nxc3 Qa6 15. Bg5 e5 16. Rfe1 h6 17. Bxf6 Qxf6 18. Qxf6 gxf6 19. Nd5 Kg7 20. Re3 Bf5 21. Rc3 Rfd8 22. Ne3 Be6 23. Kf1 Rac8 24. Rxc8 Rxc8 25. Ke2 f5 26. Kd2 f4 27. Nd1 Rd8+ 28. Ke2 Bf5 29. Rc1 Kf6 30. f3 Be6 31. Nc3 Bf5 32. Ne4+ Bxe4 33. fxe4 Rd4 34. Kf3 Rd2 35. b4 h5 36. a4 Ke6 37. h3 f5 38. g3 fxe4+ 39. Kxe4 fxg3 40. h4 g2 41. Ke3 Rxc2 42. Rg1 Kf5 43. Kf3 e4+ 44. Ke3 Ke5 45. b5 b6 46. Rd1 Ra2 47. Rg1 Rc2 48. Re1 Rb2 49. Rg1 Ra2 50. Rb1 Rxa4 51. Kf2 Ra2+ 52. Kg1 e3 53. Re1 Ke4 54. Rc1 Rd2 55. Rc7 e2 56. Re7+ Kd3 57. Rd7+ Kc2 58. Rc7+ Kd1 0-1


[Site "https://www.chess.com"]

[Event "Titled Tuesday Blitz March 21 Late 2023"]
[White "Mahdavi, Reza"]
[Black "Davidson, Kevin"]
[WhiteFideId "12595926"]
[BlackFideId "2056810"]
[WhiteElo "2208"]
[BlackElo "2151"]
[Result "1-0"]
[Round "01"]
[TimeControl "180+2"]
[Date "2023.03.21"]
[WhiteClock "0:00:34"]
[BlackClock "0:00:01"]

1. Nf3 Nf6 2. g3 g6 3. b3 Bg7 4. Bb2 O-O 5. Bg2 d6 6. d4 e5 7. dxe5 Ng4 8. O-O Nc6 9. Qc1 dxe5 10. h3 Nh6 11. Rd1 Bd7 12. Nc3 Qc8 13. Kh2 Nf5 14. Nd5 Re8 15. e4 Nfd4 16. Ne1 h6 17. Qd2 Ne7 18. c3 Nxd5 19. cxd4 Nb6 20. Rac1 exd4 21. Bxd4 Bxd4 22. Qxd4 Bc6 23. Nd3 Qe6 24. Nf4 Qe5 25. Qd2 a5 26. Nd3 Qg7 27. Nc5 a4 28. b4 Qe5 29. Qxh6 Rad8 30. Qh4 Rxd1 31. Rxd1 Qb2 32. Rd8 Rxd8 33. Qxd8+ Kg7 34. Qxc7 Qxb4 35. Ne6+ Kf6 36. Nd8 Kg7 37. Qxf7+ Kh6 38. Ne6 Qd2 39. Qg7+ Kh5 40. Qh7+ 1-0


[Site "https://www.chess.com"]

[Event "Titled Tuesday Blitz March 21 Late 2023"]
[White "Szyszylo, Rafal"]
[Black "Postny, Evgeny"]
[WhiteFideId "1109626"]
[BlackFideId "2804344"]
[WhiteElo "1951"]
[BlackElo "2509"]
[Result "0-1"]
[Round "01"]
[TimeControl "180+2"]
[Date "2023.03.21"]
[WhiteClock "0:00:02"]
[BlackClock "0:00:20"]

1. e4 c5 2. Ne2 g6 3. g3 Bg7 4. Bg2 Nc6 5. O-O Nf6 6. c3 d5 7. exd5 Nxd5 8. d4 cxd4 9. Nxd4 Nxd4 10. cxd4 O-O 11. Nc3 Be6 12. Re1 Rc8 13. Ne4 Nb4 14. Nc5 Bd5 15. Nxb7 Qb6 16. Bxd5 Nxd5 17. Nc5 Rfd8 18. Nb3 e5 19. Bg5 Re8 20. dxe5 Nb4 21. Qd6 Qb7 22. Rac1 Bf8 23. Rxc8 Rxc8 24. Qf6 Nd3 25. Re2 h6 26. Bf4 Bg7 27. Qd6 Nxf4 28. gxf4 Qf3 29. Qd2 Qg4+ 30. Kf1 Qh3+ 31. Kg1 Rc4 32. Re3 Qf5 33. Rf3 Qb1+ 34. Kg2 Qxa2 35. e6 fxe6 36. Qd8+ Kh7 37. Qd7 Qa6 38. Nd2 Rd4 39. Qf7 Rxd2 40. Rg3 Qc6+ 41. Kh3 Qe4 42. Qxa7 Qxf4 43. Qe3 Qxe3 44. Rf3 Qxf3+ 0-1


[Site "https://www.chess.com"]

[Event "Titled Tuesday Blitz March 21 Late 2023"]
[White "Manukyan, Sargis A."]
[Black "Jimenez Jimenez, Leandro"]
[WhiteFideId "13303970"]
[BlackFideId "6415253"]
[WhiteElo "2187"]
[BlackElo "2263"]
[Result "1-0"]
[Round "01"]
[TimeControl "180+2"]
[Date "2023.03.21"]
[WhiteClock "0:01:05"]
[BlackClock "0:00:03"]

1. d4 d5 2. c4 dxc4 3. e4 e5 4. Nf3 exd4 5. Bxc4 Nc6 6. O-O Be6 7. Bxe6 fxe6 8. Qb3 Qd7 9. Qxb7 Rb8 10. Qa6 Bd6 11. Nbd2 Nf6 12. b3 O-O 13. Bb2 Rb6 14. Qc4 Rb4 15. Qa6 e5 16. Rfc1 Rb6 17. Qc4+ Kh8 18. g3 Ne7 19. Bxd4 exd4 20. e5 Ng6 21. exf6 Rxf6 22. Qxd4 Qf5 23. Re1 h6 24. Qe4 Qh3 25. Rac1 Rb4 26. Rc4 Rxc4 27. Qxc4 Rf8 28. Qe6 Qh5 29. Kg2 Rf6 30. Qc8+ Kh7 31. Re8 Qd5 32. Ne4 Rxf3 33. Kxf3 Ne5+ 34. Rxe5 Qxe5 35. Qg4 Qd5 36. Kg2 Be5 37. Qf3 Qe6 38. h4 Kg8 39. Qe3 Qd5 40. Qf3 Qe6 41. a4 Bd4 42. Qd3 Qd5 43. Qf3 Qe6 44. Nd2 c5 45. Nc4 Kh7 46. g4 Qe1 47. h5 Qe6 48. Na5 a6 49. Nc6 Kg8 50. Nd8 Qd7 51. Nc6 Kh7 52. Qe4+ Kg8 53. Ne7+ Kf7 54. Ng6 Qd8 55. Qb7+ Kg8 56. Ne7+ Kf8 57. Nf5 Qf6 58. Qc8+ Kf7 59. Qd7+ Kg8 60. Ne7+ Kh7 61. Qf5+ 1-0


[Site "https://www.chess.com"]

[Event "Titled Tuesday Blitz March 21 Late 2023"]
[White "Rios Escobar, Adan"]
[Black "Santos Ruiz, Miguel"]
[WhiteFideId "3403645"]
[BlackFideId "22291482"]
[WhiteElo "2401"]
[BlackElo "2504"]
[Result "0-1"]
[Round "01"]
[TimeControl "180+2"]
[Date "2023.03.21"]
[WhiteClock "0:00:02"]
[BlackClock "0:00:14"]

1. d4 Nf6 2. g3 d5 3. Nf3 Bf5 4. c4 c6 5. Nc3 e6 6. Nh4 Bg6 7. Qb3 Qb6 8. Nxg6 hxg6 9. c5 Qc7 10. Bg2 Nbd7 11. Bf4 Qc8 12. O-O Be7 13. Qc2 Bd8 14. b4 Bc7 15. Bxc7 Qxc7 16. Rfc1 e5 17. e3 O-O 18. a4 Rfe8 19. b5 Qa5 20. h4 exd4 21. exd4 Nf8 22. Bh3 Ne4 23. Ra3 Qb4 24. Nxe4 Qxa3 25. Nd6 Re7 26. Rb1 Rd8 27. Kg2 Ne6 28. Bxe6 Rxe6 29. Nxb7 Rb8 30. bxc6 Rxc6 31. Nd6 Rd8 32. Rb7 Rdxd6 33. cxd6 Rxc2 34. Rb8+ Kh7 35. d7 Qe3 36. d8=Q Rxf2+ 37. Kh3 Qe6+ 38. g4 Qe3# 0-1


[Site "https://www.chess.com"]

[Event "Titled Tuesday Blitz March 21 Late 2023"]
[White "EREBUNI91"]
[Black "liwadas82"]
[WhiteElo "2731"]
[BlackElo "2399"]
[Result "1-0"]
[Round "01"]
[TimeControl "180+2"]
[Date "2023.03.21"]
[WhiteClock "0:00:19"]
[BlackClock "0:00:01"]

1. e4 e5 2. Nf3 Nc6 3. Bb5 a6 4. Ba4 Nf6 5. O-O b5 6. Bb3 Bb7 7. d3 Bc5 8. c3 d6 9. d4 Bb6 10. Re1 h6 11. Be3 O-O 12. d5 Ne7 13. Bxb6 cxb6 14. Nbd2 Ng6 15. Nf1 Nf4 16. Bc2 Bc8 17. Ne3 Bd7 18. Qd2 N6h5 19. g3 Nh3+ 20. Kg2 Ng5 21. Nxg5 Qxg5 22. h4 Qg6 23. Kh2 Nf6 24. f3 Nh5 25. Rg1 Nf6 26. Raf1 Nh7 27. f4 exf4 28. Rxf4 f5 29. exf5 Qf7 30. Qd4 Nf6 31. Qxb6 Qe7 32. Qd4 Rae8 33. Ng4 Nxg4+ 34. Rxg4 Bxf5 35. Bxf5 Rxf5 36. Re1 Rf2+ 37. Kh3 Rf7 38. Rxe7 Rfxe7 39. Rg6 Kh7 40. Rxd6 Re4 41. Qd3 Kh8 42. Rxa6 Re3 43. Qd4 R8e4 44. Qc5 h5 45. Ra7 Rf3 46. Qc7 Rg4 47. Qe5 1-0


[Site "https://www.chess.com"]

[Event "Titled Tuesday Blitz March 21 Late 2023"]
[White "Liu, Casper"]
[Black "Levitskiy, Andrey"]
[WhiteFideId "1454153"]
[BlackFideId "14132885"]
[WhiteElo "2221"]
[BlackElo "2335"]
[Result "0-1"]
[Round "01"]
[TimeControl "180+2"]
[Date "2023.03.21"]
[WhiteClock "0:01:26"]
[BlackClock "0:02:15"]

1. d4 Nf6 2. c4 e6 3. Nc3 Bb4 4. Qc2 d6 5. Nf3 Nbd7 6. a3 Bxc3+ 7. Qxc3 a5 8. g3 a4 9. Bg2 O-O 10. O-O Qe7 11. b4 axb3 12. Bb2 Nb6 13. Qxb3 Bd7 14. Rac1 Bc6 15. Qc2 Be4 16. Qd2 d5 17. Ne5 Bxg2 18. Kxg2 dxc4 19. Nxc4 Nxc4 20. Rxc4 c6 21. a4 Rfd8 22. a5 Qd7 23. Ra1 Qd5+ 0-1


[Site "https://www.chess.com"]

[Event "Titled Tuesday Blitz March 21 Late 2023"]
[White "Aldokhin, Ivan"]
[Black "Veleshnja, Zino"]
[WhiteFideId "24115720"]
[BlackFideId "4701313"]
[WhiteElo "2322"]
[BlackElo "2216"]
[Result "1-0"]
[Round "01"]
[TimeControl "180+2"]
[Date "2023.03.21"]
[WhiteClock "0:00:03"]
[BlackClock "0:00:07"]

1. e4 c5 2. Nf3 d6 3. d4 cxd4 4. Nxd4 Nf6 5. Nc3 a6 6. Bc4 e6 7. Bb3 Nbd7 8. O-O Nc5 9. Qf3 Be7 10. Bg5 Qc7 11. Rfe1 O-O 12. Rad1 b5 13. e5 Bb7 14. exd6 Bxf3 15. dxc7 Bxd1 16. Rxd1 Rac8 17. Bf4 Nh5 18. Nc6 Bf6 19. Bd6 Nxb3 20. axb3 Rfe8 21. g4 Bxc3 22. Ne7+ Kh8 23. Nxc8 Rxc8 24. Be7 Ba5 25. gxh5 Bxc7 26. c4 bxc4 27. bxc4 h6 28. c5 Be5 29. b4 Kh7 30. Rd7 Rb8 31. c6 Rc8 32. Bd6 Bxd6 33. Rxd6 Rc7 34. Kg2 g6 35. Kf3 gxh5 36. Ke4 Kg6 37. Kd4 Kf6 38. Kc5 Ke5 39. Rd7 Rc8 40. Rxf7 h4 41. Ra7 h3 42. Rxa6 Kf4 43. Ra3 Rg8 44. Rxh3 Rg5+ 45. Kb6 h5 46. c7 Rg8 47. b5 Kg4 48. Rg3+ 1-0


[Site "https://www.chess.com"]

[Event "Titled Tuesday Blitz March 21 Late 2023"]
[White "Toktomushev, Teimur"]
[Black "Bashirli, Nail"]
[WhiteFideId "14176726"]
[BlackFideId "13406809"]
[WhiteElo "2116"]
[BlackElo "2338"]
[Result "0-1"]
[Round "01"]
[TimeControl "180+2"]
[Date "2023.03.21"]
[WhiteClock "0:00:02"]
[BlackClock "0:01:11"]

1. d4 Nf6 2. c4 e6 3. Nf3 Bb4+ 4. Bd2 Qe7 5. g3 O-O 6. Bg2 Bxd2+ 7. Qxd2 d6 8. O-O e5 9. Nc3 c6 10. e4 Bg4 11. Nh4 exd4 12. Qxd4 Na6 13. h3 Be6 14. b3 Rfe8 15. Rad1 Qc7 16. f4 Qa5 17. Rfe1 Rad8 18. g4 Nc5 19. Kh2 Bc8 20. Bf3 Ne6 21. Qe3 Nxf4 22. Qxf4 Qxc3 23. Re3 Qb2+ 24. Re2 Qc3 25. Rxd6 Rxd6 26. Qxd6 g5 27. Nf5 Bxf5 28. gxf5 Qxf3 29. Rg2 Nxe4 30. Qh6 Qf4+ 31. Kg1 Rd8 32. Re2 Rd1+ 33. Kg2 Qg3# 0-1


[Site "https://www.chess.com"]

[Event "Titled Tuesday Blitz March 21 Late 2023"]
[White "Beerdsen, Thomas"]
[Black "Peatman, Carter"]
[WhiteFideId "1030108"]
[BlackFideId "2096480"]
[WhiteElo "2547"]
[BlackElo "2003"]
[Result "1-0"]
[Round "01"]
[TimeControl "180+2"]
[Date "2023.03.21"]
[WhiteClock "0:01:40"]
[BlackClock "0:00:19"]

1. e4 e5 2. Nf3 Nf6 3. d4 Nxe4 4. Bd3 Nc6 5. Nc3 Nxc3 6. bxc3 exd4 7. O-O Be7 8. Re1 d5 9. Bg5 Be6 10. Bxe7 Qxe7 11. Rb1 Rb8 12. cxd4 O-O 13. Qd2 h6 14. Qf4 Rfd8 15. c3 Qd6 16. Qh4 Qe7 17. Qg3 Qd6 18. Ne5 Nxe5 19. dxe5 Qc5 20. Rb5 Qc6 21. Rb4 Kf8 22. Bb5 Qc5 23. Rd1 a5 24. Rbb1 c6 25. Be2 d4 26. Qh4 Qxc3 27. Rxb7 Kg8 28. h3 d3 29. Rxd3 Qc1+ 30. Kh2 Rxb7 31. Rxd8+ Kh7 32. Bd3+ g6 33. Qf6 1-0


[Site "https://www.chess.com"]